 Dungeon Crawl Stone Soup version 0.32-a0-870-g877066f4b4 (webtiles) character file.

Game seed: 8206978611596272141

888 s4kkeboi the Ruffian (level 7, -2/70 HPs)
             Began as a Troll Fighter on Mar 29, 2024.
             Slain by a white imp (3 damage)
             ... on level 6 of the Dungeon.
             The game lasted 00:10:20 (4470 turns).

s4kkeboi the Ruffian (Troll Fighter)                Turns: 4470, Time: 00:10:20

Health: -2/70      AC:  5    Str: 25    XL:     7   Next: 77%
Magic:  6/6        EV:  8    Int:  4    God:
Gold:   308        SH:  8    Dex: 11    Spells: 6/6 levels left

rFire   . .          .
                       - Unarmed
rCold   . . .        b - +0 kite shield
rNeg    . . .        a - +0 robe
rPois   .            (helmet restricted)
rElec   .            q - +0 cloak
rCorr   .            (gloves unavailable)
SInv    .            (boots unavailable)
Will    .....        (no amulet)
Stlth   +            (no ring)
HPRegen 1.11/turn    (no ring)
MPRegen 0.10/turn

%: no passive effects
@: no status effects
A: large, unfitting armour, claws 3, regeneration 1, shaggy fur 1, tough skin 1
a: no special abilities


You were on level 6 of the Dungeon.
You visited 1 branch of the dungeon, and saw 6 of its levels.

You collected 308 gold pieces.

Inventory:

Missiles
 c - a throwing net
 v - 6 poisoned darts (quivered)
Armour
 a - a +0 robe (worn)
 b - a +0 kite shield (worn)
 q - a +0 cloak (worn)
Wands
 r - a wand of warping (12)
 w - a wand of acid (6)
 B - a wand of paralysis (8)
 D - a wand of flame (18)
Scrolls
 e - a scroll of vulnerability {unknown}
 f - a scroll of immolation
 h - 3 scrolls of revelation {unknown}
 m - a scroll of noise {unknown}
 n - a scroll of acquirement {unknown}
 o - a scroll of enchant weapon {unknown}
 t - a scroll of poison
 u - a scroll of silence {unknown}
 x - a scroll of enchant armour {unknown}
 y - a scroll of teleportation {unknown}
 C - a scroll of amnesia {unknown}
Potions
 d - 4 potions of enlightenment
 g - 3 potions of curing
 i - a potion of ambrosia {unknown}
 j - a potion of brilliance {unknown}
 k - 2 potions of degeneration {unknown}
 l - 3 potions of invisibility
 p - a potion of mutation {unknown}
 s - 2 potions of haste {unknown}
 z - a potion of cancellation {unknown}


   Skills:
 + Level 4.0 Fighting
 + Level 4.0 Dodging
 + Level 4.5 Shields
 * Level 5.9 Unarmed Combat


You had 6 spell levels left.
You didn't know any spells.
Your spell library contained the following spells:

 Spells                   Type           Power      Damage    Failure   Level
 Volatile Blastmotes      Fire/Tloc      0%         2d10      98%         3
 Fulminant Prism          Conj/Alch      0%         3d5       100%        4
 Iskenderun's Mystic Bla Conj/Tloc 0%             2d3        (+2d1     100%        4


Dungeon Overview and Level Annotations

Branches:
Dungeon (6/15)
 Temple: D:4-7

Altars:
Elyvilon
Makhleb
Ru
Vehumet
Xom
Yredelemnul
Zin


Innate Abilities, Weirdness & Mutations

You are too large for most types of armour.
You have claws for hands.
Your natural rate of healing is unusually fast.
You are covered in fur. (AC +1)
You have tough skin. (AC +1)


Message History

The gnoll closely misses you.
The gnoll sergeant hits you with a +0 trident.
Items here: ))) ? †††.
You claw the gnoll sergeant!
The gnoll sergeant is heavily wounded.
You hear the slow hiss of a very distant avalanche of sand.
The gnoll hits you from afar with a +0 halberd!
The gnoll sergeant barely misses you.
You scratch the gnoll sergeant but do no damage.
The gnoll sergeant is heavily wounded.
You block the gnoll's attack.
The gnoll sergeant hits you with a +0 trident.
You barely miss the gnoll sergeant.
The gnoll sergeant is heavily wounded.
The gnoll barely misses you.
The gnoll sergeant hits you with a +0 trident.
You mangle the gnoll sergeant!!
You kill the gnoll sergeant!
The gnoll hits you from afar with a +0 halberd!
* * * LOW HITPOINT WARNING * * *
Your Dodging skill increases to level 4!
You claw the orc!
You kill the orc!
The white imp gestures at you. The puff of frost hits you.
* * * LOW HITPOINT WARNING * * *
The gnoll hits you with a +0 halberd.
* * * LOW HITPOINT WARNING * * *
Things that are here:
a +0 flail; a +0 trident; a +0 scale mail You claw the gnoll!
You kill the gnoll!
The white imp gestures at you. The puff of frost hits you!
* * * LOW HITPOINT WARNING * * *
You scratch the white imp but do no damage.
The white imp hits you.
* * * LOW HITPOINT WARNING * * *
The white imp freezes you.
You die...

#..<........
#.#.#######. ..#.#
###.# ## #.# #.# # #.#
..... #.# #.#.# #.. ..#
###5..# #.# #.@).# #.#
#)#### #.# #.# #.# #.#
###### #.# #.# .....##
#.###.#######
###...#####............
#...........†..#######
##...########.........


You could see a white imp.

Vanquished Creatures
  2 phantoms (D:5)
  2 scorpions (D:4)
  A bullfrog (D:4)
  A gnoll sergeant (D:6)
  A crimson imp (D:5)
  2 hounds (D:5)
  An orc priest (D:4)
  A bombardier beetle (D:5)
  Crazy Yiuf (D:2)
  A gnoll bouda (D:5)
  An orc wizard (D:4)
  8 gnolls
  6 adders
  A white imp (D:5)
  2 ufetubi (D:5)
  4 ribbon worms
  2 dart slugs
  6 orcs
  7 ball pythons
  12 endoplasms
  4 giant cockroaches
  6 goblins
  10 hobgoblins
  5 kobolds
  2 quokkas (D:1)
  5 bats
  4 frilled lizards
  8 rats
106 creatures vanquished.

Vanquished Creatures (others)
  An angel (D:3)
1 creature vanquished.

Grand Total: 107 creatures vanquished

Notes
Turn   | Place    | Note
-------+----------+-------------------------------------------
     0 | D:1      | s4kkeboi the Troll Fighter began the quest for the Orb.
     0 | D:1      | Reached XP level 1. HP: 22/22 MP: 0/0
   293 | D:1      | Reached XP level 2. HP: 29/29 MP: 1/1
   986 | D:2      | Reached XP level 3. HP: 36/36 MP: 2/2
  1062 | D:2      | Reached skill level 3 in Unarmed Combat
  1534 | D:2      | Found a runed translucent door.
  1535 | D:2      | Noticed Crazy Yiuf
  1541 | D:2      | Killed Crazy Yiuf
  1542 | D:2      | Reached XP level 4. HP: 25/44 MP: 3/3
  1640 | D:3      | Noticed an angel
  1640 | D:3      | Found a shimmering altar of Xom.
  1640 | D:3      | Found a glowing silver altar of Zin.
  1861 | D:3      | Killed an angel
  2021 | D:3      | Found a sacrificial altar of Ru.
  2351 | D:4      | Noticed a bullfrog
  2357 | D:4      | Reached XP level 5. HP: 31/53 MP: 4/4
  2368 | D:4      | Reached skill level 4 in Unarmed Combat
  2381 | D:4      | Reached XP level 6. HP: 29/61 MP: 5/5
  2867 | D:4      | Found a white marble altar of Elyvilon.
  2894 | D:4      | Found a burning altar of Makhleb.
  2911 | D:4      | Found a basalt altar of Yredelemnul.
  2979 | D:4      | Found a radiant altar of Vehumet.
  3115 | D:5      | Entered Level 5 of the Dungeon
  3130 | D:5      | HP: 1/61 [gnoll/+0 club[a gnoll bouda] (8)]
  3212 | D:5      | Reached skill level 5 in Unarmed Combat
  3212 | D:5      | Reached XP level 7. HP: 67/67 MP: 6/6
  4469 | D:6      | HP: 3/70 [white imp/puff of frost (9)]
  4470 | D:6      | HP: 1/70 [white imp (3)]
  4470 | D:6      | Slain by a white imp

Illustrated notes

Levels and vault maps discovered:
D:1:      minmay_arrival_glassed_features, layout_loops_corners
D:2:      layout_basic, serial_bayou_ford_a, minmay_misc_feat_more_columns,
          nrook_campfire, minmay_pentomino_z4, uniq_crazy_yiuf_cottage
D:3:      layout_basic, grunt_temple_overflow_order_and_chaos_1,
          mainiacjoe_overflow_six_doors_small
D:4:      nicolae_BIG_FREAKIN_CUBE, layout_basic,
          nicolae_overflow_quartered_altars, minivault_23,
          minmay_misc_feat_ornament
D:5:      layout_layer_cave, minmay_fire_ice_demons
D:6:      layout_loops_ring, serial_shops, shop, shop,
          nicolae_shop_hallway_plus, enter_ossuary_4

Skill      XL: |  1  2  3  4  5  6  7 |
---------------+----------------------+-----
Shields        | 3 4 |  4.5
Unarmed Combat | 3 4 5 |  5.9
Fighting       | 3 4 |  4.0
Dodging        | 3 4 |  4.0

Action                     |  1- 3 |  4- 6 |  7- 9 || total
---------------------------+-------+-------+-------++-------
  Melee: Unarmed           |   116 |   111 |    58 ||   285
    Use: Potion            |     1 |     4 |     1 ||     6
         Scroll            |       |     5 |     1 ||     6
   Stab: Sleeping          |       |     3 |       ||     3
 Armour: Robe              |    47 |    58 |    38 ||   143
  Dodge: Dodged            |    41 |    26 |    26 ||    93
  Block: Kite shield       |    37 |    36 |    21 ||    94

Table legend: (Time is in decaauts)
 A = Elapsed time spent in this place.
 B = Non-inter-level travel time spent in this place.
 C = Inter-level travel time spent in this place.
 D = Time resting spent in this place.
 E = Time spent auto-exploring this place.
 F = Levels seen in this place.
 G = Mean time per level.
                   A        B        C        D        E       F      G
               +--------+--------+--------+--------+--------+-----+--------+
         Total |   4483 |   4359 |    124 |    164 |   3537 |   6 |  747.2 |
       Dungeon |   4483 |   4359 |    124 |    164 |   3537 |   6 |  747.2 |
               +--------+--------+--------+--------+--------+-----+--------+

Top non-repeatable levels by time:
     D:5: 1197 daAuts
     D:4: 851 daAuts
     D:1: 830 daAuts
     D:2: 817 daAuts
     D:3: 629 daAuts
     D:6: 158 daAuts
